 Dungeon Crawl Stone Soup version 0.16-a0-4072-gc5a8185 (webtiles) character file.

876 vatarom the Ducker (level 7, -12/67 HPs)
             Began as a Troll Chaos Knight on Feb 21, 2015.
             Mangled by Pikel the harpy (19 damage)
             ... on level 5 of the Dungeon.
             The game lasted 00:08:46 (3448 turns).

vatarom the Ducker (Troll Chaos Knight)             Turns: 3448, Time: 00:08:47

Health: -12/67     AC:  7    Str: 21    XL:     7   Next: 74%
Magic:  3/3        EV: 15    Int:  8    God:    Xom [......]
Gold:   245        SH:  0    Dex: 11    Spells: 0 memorised, 6 levels left

rFire  . . .     SeeInvis .       - Unarmed
rCold  . . .     Clarity  .     b - +2 robe
rNeg   . . .     SustAb   .     (shield restricted)
rPois  .         Gourm    +     (helmet restricted)
rElec  .         Spirit   .     (no cloak)
rCorr  .         Warding  .     (gloves unavailable)
rMut   .         Stasis   .     (boots unavailable)
MR     .....                    (no amulet)
Stlth  +.........               (no ring)
                                n - +3 ring of evasion

@: not resistant to hostile enchantments, very unstealthy
A: unfitting armour, claws 3, fast metabolism 3, gourmand, regeneration 2,
screaming 1, shaggy fur 1, spit poison 1, tough skin 2, evolution 1
a: Spit Poison, Renounce Religion


You were on level 5 of the Dungeon.
You worshipped Xom.
You were a very special plaything of Xom.
You were very hungry.

You visited 1 branch of the dungeon, and saw 5 of its levels.

You collected 245 gold pieces.

Inventory:

Armour
 b - a +2 robe (worn)
Jewellery
 k - a cursed ring of teleportation {unknown}
 n - a +3 ring of evasion (left claw)
Magical devices
 r - a wand of lightning (0)
Scrolls
 g - 3 scrolls of remove curse
 h - 2 scrolls of enchant weapon
 l - a scroll of amnesia
 m - 5 scrolls of teleportation
 s - a scroll of identify
Potions
 c - a potion of curing
 e - a potion of agility
 f - 2 potions of restore abilities
 o - a potion of magic {unknown}
 q - a potion of brilliance {unknown}
Books
 p - a book of Alchemy

   Spells                             Type                      Level
   a - Sublimation of Blood           Necromancy                   2
   b - Alistair's Intoxication        Transmutation/Poison         4
   c - Condensation Shield            Ice                          4
   d - Petrify                        Transmutation/Earth          4
   e - Ignite Poison                  Fire/Transmutation           5
   f - Irradiate                      Conjuration/Transmutation    5
Comestibles
 a - 2 meat rations
 d - 3 bread rations
 i - a slice of pizza
 j - 7 fruits


   Skills:
 + Level 3.4 Fighting
 - Level 1.5 Armour
 - Level 7.0 Dodging
 - Level 3.0 Unarmed Combat


You had 6 spell levels left.
You didn't know any spells.

Dungeon Overview and Level Annotations

Branches:
Dungeon (5/15)
 Temple: D:4-7

Altars:
Dithmenos
Fedhas

Annotations:
D:5 Pikel


Innate Abilities, Weirdness & Mutations

You are too large for most types of armour.
You have claws for hands.
Your metabolism is lightning-fast.
You like to eat raw meat.
You heal very quickly.
You are covered in fur (AC +1).
You have very tough skin (AC +2).
You occasionally shout uncontrollably at your foes.
You can spit poison.
You evolve.


Message History

Pikel closely misses you. Pikel barely misses you.
Pikel claws you but does no damage. Pikel barely misses you.
You claw Pikel!
Pikel begins to bleed from her wounds!
Pikel is moderately wounded.
Pikel closely misses you. Pikel claws you!
You scratch Pikel.
Pikel is heavily wounded.
Pikel claws you! Pikel misses you. Pikel barely misses you.
Pikel claws you but does no damage.
You closely miss Pikel.
Pikel is heavily wounded.
Pikel claws you!
* * * LOW HITPOINT WARNING * * *
Pikel claws you!
* * * LOW HITPOINT WARNING * * *
You scratch Pikel.
Pikel is severely wounded.
Pikel closely misses you. Pikel misses you. Pikel claws you!!
You die...
Xom howls with laughter!

######,*
######,*
.....#,*
####.#,*
*,*,********###
*,*,,,,,,,,,..#
*,**********#.#
*,******### #.#
*,,,,,,,..# #@#
############.#
#H#
..........##.#
#.#
#########.##.#
#.# #.##h# #.#
#.##.# #.#
#.##.###.##
#....h....#
#.##.######


You could see Pikel the harpy (bleeding).

Vanquished Creatures
  An orange demon (D:2)
  The ghost of vatarom the Skirmisher, an average DsCK of Xom (D:4)
  4 slaves (D:5)
  An ice beast (D:5)
  2 phantoms (D:4)
  A crimson imp (D:2)
  A centaur zombie (D:4)
  2 hounds (D:4)
  An orc wizard (D:4)
  4 worker ants
  2 worker ant zombies (D:4)
  4 gnolls (D:4)
  5 adders
  2 shadow imps (D:2)
  5 worms
  An adder zombie (D:5)
  2 adder skeletons
  3 oozes
  A giant gecko (D:2)
  4 orcs
  14 bats
  A bat skeleton (D:4)
  8 giant cockroaches
  22 goblins
  12 hobgoblins
  11 jackals
  8 kobolds
  4 quokkas
  A ball python zombie (D:4)
  A giant gecko skeleton (D:4)
  2 giant gecko zombies
  4 giant newts
  A jackal zombie (D:4)
  A quokka skeleton (D:4)
  A quokka zombie (D:4)
  8 rats
146 creatures vanquished.

Vanquished Creatures (others)
  3 butterflies (D:2)
3 creatures vanquished.

Grand Total: 149 creatures vanquished

Notes
Turn   | Place    | Note
--------------------------------------------------------------
     0 | D:1      | vatarom, the Troll Chaos Knight, began the quest for the Orb.
     0 | D:1      | Reached XP level 1. HP: 22/22 MP: 1/1
    28 | D:1      | Reached skill level 1 in Dodging
   103 | D:1      | XOM: harmless Necr miscast
   112 | D:1      | XOM: divination: detect items
   143 | D:1      | Reached XP level 2. HP: 29/29 MP: 1/1
   408 | D:1      | XOM: enchant monster (good)
   531 | D:1      | Reached XP level 3. HP: 36/36 MP: 2/2
   620 | D:1      | XOM: scenery: 1 doors close
   767 | D:2      | XOM: stealth player
   769 | D:2      | XOM: medium Erth miscast
   769 | D:2      | XOM: smoke on damage
   809 | D:2      | Noticed Robin
   817 | D:2      | Noticed Robin
   817 | D:2      | Robin changed into Robin the rat
   817 | D:2      | XOM: polymorph Robin -> Robin the rat
   822 | D:2      | Killed Robin the rat
   835 | D:2      | XOM: noise
   859 | D:2      | XOM: mild Chrm miscast
   876 | D:2      | Found a blossoming altar of Fedhas.
   876 | D:2      | XOM: 9-stop teleportation journey
   898 | D:2      | Reached XP level 4. HP: 41/44 MP: 2/2
   984 | D:2      | XOM: summons 2 hostile demons
   985 | D:2      | Noticed an orange demon
   993 | D:2      | Killed an orange demon
  1394 | D:2      | XOM: give mutations
  1394 | D:2      | Gained mutation: Your spells are a little harder to cast, but a little more powerful. [Xom's grace]
  1394 | D:2      | Gained mutation: You can spit poison. [Xom's grace]
  1394 | D:2      | Gained mutation: You evolve. [Xom's grace]
  1519 | D:2      | XOM: summons 2 hostile demons
  1540 | D:2      | XOM is BORED!
  1540 | D:2      | XOM: mild Conj miscast
  1743 | D:3      | XOM: divination: magic mapping
  1757 | D:3      | Reached skill level 4 in Dodging
  1888 | D:3      | Reached XP level 5. HP: 47/50 MP: 2/2
  1927 | D:3      | Found a shadowy altar of Dithmenos.
  2035 | D:3      | XOM: divination: detect creatures
  2101 | D:3      | XOM: 2-stop teleportation journey
  2155 | D:4      | XOM: stealth player
  2256 | D:4      | XOM: give mutation
  2256 | D:4      | Gained mutation: You occasionally shout uncontrollably at your foes. [Xom's mischief]
  2428 | D:4      | Noticed a phantom
  2428 | D:4      | XOM: divination: detect creatures
  2439 | D:4      | Killed a phantom
  2439 | D:4      | Reached skill level 5 in Dodging
  2439 | D:4      | Reached XP level 6. HP: 57/59 MP: 3/3
  2756 | D:4      | Noticed a phantom
  2765 | D:4      | XOM: enchant monster (bad)
  2777 | D:4      | Reached skill level 6 in Dodging
  2786 | D:4      | XOM: colour smoke trail
  2794 | D:4      | Killed a phantom
  2794 | D:4      | Reached XP level 7. HP: 16/66 MP: 3/3
  2855 | D:4      | Lost mutation: Your spells are a little harder to cast, but a little more powerful. [evolution]
  2891 | D:4      | Noticed vatarom's ghost (average DsCK)
  2893 | D:4      | XOM: silly message
  2895 | D:4      | XOM: enchant monster (good)
  2958 | D:4      | Killed vatarom's ghost
  2958 | D:4      | Reached skill level 7 in Dodging
  2971 | D:4      | XOM: noise
  3100 | D:5      | Entered Level 5 of the Dungeon
  3106 | D:5      | XOM: confuse monster(s)
  3204 | D:5      | XOM: harmless Conj miscast
  3299 | D:5      | XOM: potion effect (brilliance)
  3300 | D:5      | Noticed Pikel
  3314 | D:5      | XOM: mild Fire miscast
  3315 | D:5      | Noticed a fire vortex
  3414 | D:5      | XOM: mild Divn miscast
  3430 | D:5      | XOM: confuse monster(s)
  3432 | D:5      | XOM: noise
  3441 | D:5      | XOM: mild Tloc miscast
  3444 | D:5      | Noticed Pikel
  3444 | D:5      | Pikel changed into Pikel the harpy
  3444 | D:5      | XOM: polymorph Pikel -> Pikel the harpy
  3448 | D:5      | Mangled by Pikel the harpy

Action                   |  1- 3 |  4- 6 |  7- 9 || total
-------------------------+-------+-------+-------++-------
Melee: Unarmed           |   128 |   292 |   140 ||   560
 Abil: Spit Poison       |       |     2 |     1 ||     3
Evoke: Wand              |       |       |     2 ||     2
  Use: Scroll            |     1 |     8 |     1 ||    10
       Potion            |     2 |     3 |     2 ||     7
 Stab: Sleeping          |     1 |     2 |       ||     3
  Eat: Chunk             |     9 |     6 |     4 ||    19
       Meat ration       |       |     2 |       ||     2
